 Dungeon Crawl Stone Soup version 0.28-a0-845-gfc338a8e3c (webtiles) character file.

Game seed: 666354311273605462

131 kklluuttzz the Digger (level 5, -8/35 HPs)
             Began as a Formicid Earth Elementalist on Nov 12, 2021.
             Was an Initiate of Sif Muna.
             Killed by an exploding bat (23 damage)
             ... ignited by their inner flame
             ... on level 6 of the Dungeon.
             The game lasted 00:07:27 (3591 turns).

kklluuttzz the Digger (Formicid Earth Elementalist) Turns: 3591, Time: 00:07:28

Health: -8/35      AC:  2    Str: 14    XL:     5   Next: 37%
Magic:  3/8        EV: 12    Int: 14    God:    Sif Muna [......]
Gold:   91         SH:  0    Dex: 11    Spells: 3/9 levels left

rFire   . . .      SeeInvis +   a - +0 dagger
rCold   . . .      Faith    .   (no shield)
rNeg    . . .      Spirit   .   b - +0 robe
rPois   .          Reflect  .   (helmet unavailable)
rElec   .          Harm     .   (no cloak)
rCorr   .          Rampage  .   (no gloves)
Will    .....                   (no boots)
Stlth   ++........              (no amulet)
HPRegen 0.11/turn               (no ring)
MPRegen 0.11/turn               (no ring)

@: no status effects
A: permanent stasis, dig shafts and tunnels, antennae 3, four strong arms
a: Dig, Shaft Self, Renounce Religion


You were on level 6 of the Dungeon.
You worshipped Sif Muna.
Sif Muna was noncommittal.
You visited 1 branch of the dungeon, and saw 5 of its levels.

You collected 91 gold pieces.

Inventory:

Hand Weapons
 a - a +0 dagger (weapon)
 d - a +0 vampiric great sword
Missiles
 c - 32 stones
 i - 27 poisoned darts
Armour
 b - a +0 robe (worn)
Wands
 f - a wand of polymorph (4)
Potions
 e - a potion of might {unknown}
 g - 3 potions of curing
 h - 2 potions of degeneration {unknown}
 k - 2 potions of heal wounds {unknown}


   Skills:
 - Level 0.2 Long Blades
 - Level 1.7 Dodging
 - Level 2.4 Stealth
 + Level 2.5 Spellcasting
 + Level 1.8 Conjurations
 - Level 1.1 Transmutations
 + Level 6.0 Earth Magic


You had 3 spell levels left.
You knew the following spells:

 Your Spells              Type           Power      Damage    Failure   Level
a - Sandblast             Erth           36%        2d10      1%          1
b - Stone Arrow           Conj/Erth      24%        3d8       14%         3
w - Passwall              Tmut/Erth      9%         N/A       8%          2

Your spell library contained the following spells:

 Spells                   Type           Power      Damage    Failure   Level
 Pain                     Necr           4%         1d4       22%         1
 Petrify                  Tmut/Erth      11%        N/A       45%         4


Dungeon Overview and Level Annotations

Branches:
Dungeon (4/15)
 Temple: D:4-7

Altars:
Kikubaaqudgha
Sif Muna
Vehumet

Portals:
Sewer: D:6

Annotations:
D:2 1 runed translucent door, Crazy Yiuf
D:4 Sigmund


Innate Abilities, Weirdness & Mutations

You cannot be hasted, slowed, berserked, paralysed or teleported.
You can dig through walls and to a lower floor.
You have a pair of large antennae on your head. (SInv)
Your four strong arms can wield two-handed weapons with a shield.


Message History

Press: ? - help, Shift-Dir - straight line, f/p - river rat
Aim: a river rat (moderately wounded, 77% to hit)
The blast of sand hits the river rat but does no damage.
The river rat is moderately wounded.
The river rat barely misses you.
Casting: Sandblast (safe; 1% risk of failure)
Confirm with . or Enter, or press ? or * to list all spells.
Aiming: Sandblast (safe; 1% risk of failure)
Press: ? - help, Shift-Dir - straight line, f/p - river rat
Aim: a river rat (moderately wounded, 77% to hit)
The blast of sand hits the river rat.
The river rat is severely wounded.
The river rat barely misses you.
Casting: Sandblast (safe; 1% risk of failure)
Confirm with . or Enter, or press ? or * to list all spells.
Aiming: Sandblast (safe; 1% risk of failure)
Press: ? - help, Shift-Dir - straight line, f/p - river rat
Aim: a river rat (severely wounded, 77% to hit)
The blast of sand hits the river rat!
You kill the river rat!
Sif Muna accepts your kill.
You start resting.
A river rat is nearby!
An iguana comes into view.
The iguana hisses angrily.
Okay, then.
As you read the scroll labelled YPEDUK UMYISM, it crumbles to dust.
The creatures around you are filled with an inner flame!
It was a scroll of immolation.
The bat closely misses you. The bat barely misses you.
You hit the bat but do no damage. The bat completely misses you.
The bat hits you but does no damage.
You hit the bat.
Flame seeps out of the bat.
The bat is severely wounded.
The bat is engulfed in blazing flames.
Sif Muna accepts your kill.
The bat explodes!
The fiery explosion engulfs you!!
Ouch! That really hurt!
You die...

≈≈.≈≈ #...
≈≈.≈≈##..#
.....≈≈..#
...≈.≈≈..
.≈∩....l. {
.≈...≈≈.#
.....≈§§# #○# {
#@#
..≈...........#
##............#
##########...#
..# .# #


You could see an iguana (inner flame).

Vanquished Creatures
  An iguana (D:2)
  2 adders
  A gnoll (D:1)
  A river rat (D:6)
  2 dart slugs
  5 ball pythons
  2 endoplasms (D:1)
  12 giant cockroaches
  6 goblins
  5 hobgoblins
  4 jackals (D:3)
  2 quokkas (D:1)
  4 bats
  4 frilled lizards
  8 kobolds
  4 rats
63 creatures vanquished.

Notes
Turn   | Place    | Note
-------+----------+-------------------------------------------
     0 | D:1      | kklluuttzz the Formicid Earth Elementalist began the quest
                  | for the Orb.
     0 | D:1      | Reached XP level 1. HP: 13/13 MP: 3/3
   224 | D:1      | Reached skill level 4 in Earth Magic
   268 | D:1      | Reached XP level 2. HP: 19/19 MP: 1/5
   349 | D:1      | Learned a level 2 spell: Passwall
   509 | D:1      | Found a faded altar of an unknown god.
   764 | D:1      | Reached XP level 3. HP: 23/24 MP: 3/6
  1086 | D:1      | Reached skill level 5 in Earth Magic
  1290 | D:2      | Learned a level 3 spell: Stone Arrow
  1391 | D:2      | Reached skill level 1 in Conjurations
  1391 | D:2      | Reached XP level 4. HP: 30/30 MP: 3/7
  1834 | D:2      | Found a runed translucent door.
  1835 | D:2      | Noticed Crazy Yiuf
  2695 | D:3      | Reached XP level 5. HP: 23/35 MP: 4/8
  2917 | D:3      | Found a radiant altar of Vehumet.
  2927 | D:3      | Found an ancient bone altar of Kikubaaqudgha.
  2928 | D:3      | Found a shimmering blue altar of Sif Muna.
  2934 | D:3      | Got Kikubaaqudgha's Compendium of Darkness
  2942 | D:3      | Became a worshipper of Sif Muna the Loreminder
  3354 | D:3      | Reached skill level 6 in Earth Magic
  3558 | D:4      | Noticed a centaur
  3559 | D:4      | a centaur changed into a killer bee
  3559 | D:4      | Noticed a centaur
  3560 | D:4      | Noticed Sigmund
  3562 | D:4      | You fall into a shaft and drop 2 floors!
  3562 | D:6      | Found a glowing drain.
  3591 | D:6      | Killed by an exploding bat... ignited by their inner flame

Illustrated notes

Levels and vault maps discovered:
D:1:      sevenhm_arrival_forest_fort_large_4, layout_basic,
          shapermc_ecumenical_altar_flowoftime, minmay_misc_feat_tiny,
          minmay_misc_feat_tower, minmay_misc_feat_iff
D:2:      layout_rooms, uniq_crazy_yiuf_cottage
D:3:      minmay_roachtagon, layout_rooms, grunt_temple_overflow_magic_moments,
          grunt_decor_resistance, minmay_misc_feat_four_crosses
D:4:      layout_loops_ring, minmay_temple_entry_nine_rooms, minivault_4,
          minmay_manual_mares, uniq_sigmund
D:6:      layout_loops_ring, okawaru_altar_gauntlet_db, serial_shops,
          nicolae_inconvenience_store, cheibrodos_sewer_entry_sluice,
          nrook_campfire

Skill      XL: |  1  2  3  4  5 |
---------------+----------------+-----
Earth Magic    | 4 5 6 |  6.0
Conjurations   | 1 |  1.8
Long Blades    | |  0.2
Dodging        | |  1.7
Stealth        | |  2.4
Spellcasting   | |  2.5
Transmutations | |  1.1

Action                   |  1- 3 |  4- 6 || total
-------------------------+-------+-------++-------
Melee: Dagger            |    56 |   132 ||   188
Throw: Dart              |       |     5 ||     5
 Cast: Sandblast         |    22 |    21 ||    43
       Passwall          |     5 |     3 ||     8
 Abil: Shaft Self        |       |     1 ||     1
Evoke: Wand              |       |     1 ||     1
  Use: Scroll            |       |     4 ||     4
       Potion            |       |     1 ||     1
 Stab: Sleeping          |     5 |     3 ||     8
Armor: Robe              |    10 |    44 ||    54
Dodge: Dodged            |    36 |   116 ||   152

Table legend: (Time is in decaauts)
 A = Elapsed time spent in this place.
 B = Non-inter-level travel time spent in this place.
 C = Inter-level travel time spent in this place.
 D = Time resting spent in this place.
 E = Time spent auto-exploring this place.
 F = Levels seen in this place.
 G = Mean time per level.
                   A        B        C        D        E       F      G
               +--------+--------+--------+--------+--------+-----+--------+
         Total |   3589 |   3495 |     94 |    722 |   2151 |   5 |  717.8 |
       Dungeon |   3589 |   3495 |     94 |    722 |   2151 |   5 |  717.8 |
               +--------+--------+--------+--------+--------+-----+--------+

Top non-repeatable levels by time:
     D:1: 1281 daAuts
     D:3: 1264 daAuts
     D:2: 995 daAuts
     D:6: 28 daAuts
     D:4: 18 daAuts
